Map: Ruins of Seras

Players

MCanning - Winner!

  • Race: Protoss Protoss
  • League: Grandmaster

Shadow

  • Race: Zerg Zerg
  • League: Master

VOD

http://www.twitch.tv/mcanning/v/30690643

Description

Time

  • Played on: Dec. 19, 2015, 5:12 a.m.
  • Length: 13:36
Show
View Real Time Build Order
Export as new Build Order

MCanning Protoss - Winner!

Build Orders: Nexus First, Dark Templar Rush 

Get SALT Encoding   

  12  0:02  Probe (Chrono Boost)  
  13  0:13  Probe (Chrono Boost)  
  14  0:20  Pylon  
  14  0:23  Probe (Chrono Boost)  
  15  0:39  Probe (Chrono Boost)  
  16  0:49  Probe (Chrono Boost)  
  17  1:00  Nexus  
  17  1:10  Gateway  
  17  1:13  Probe (Chrono Boost)  
  18  1:23  Probe (Chrono Boost)  
  19  1:25  Assimilator  
  19  1:32  Assimilator  
  19  1:34  Probe (Chrono Boost)  
  20  1:44  Probe (Chrono Boost)  
  21  1:49  Pylon  
  21  1:55  Probe (Chrono Boost)  
  22  2:05  Probe (Chrono Boost)  
  23  2:09  Cybernetics Core  
  23  2:16  Probe x2 (Chrono Boost)  
  25  2:23  Zealot  
  25  2:26  Probe (Chrono Boost)  
  25  2:27  Probe (Chrono Boost)  
  29  2:37  Probe (Chrono Boost)  
  29  2:38  Probe (Chrono Boost)  
  29  2:43  Pylon  
  31  2:47  Mothership Core (Chrono Boost), Probe (Chrono Boost)  
  34  2:53  Stalker (Chrono Boost)  
  34  2:56  Warp Gate  
  36  2:59  Probe  
  36  3:05  Probe  
  37  3:11  Twilight Council  
  37  3:15  Twilight Council  
  37  3:16  Probe (Chrono Boost)  
  37  3:18  Probe (Chrono Boost)  
  39  3:27  Probe (Chrono Boost)  
  39  3:29  Probe (Chrono Boost)  
  39  3:31  Pylon  
  41  3:38  Probe (Chrono Boost)  
  41  3:39  Probe (Chrono Boost)  
  43  3:47  Pylon  
  44  3:48  Probe (Chrono Boost)  
  44  3:50  Probe (Chrono Boost)  
  45  3:58  Assimilator  
  45  3:59  Probe (Chrono Boost), Dark Shrine  
  45  4:00  Probe (Chrono Boost)  
  45  4:02  Assimilator  
  47  4:09  Probe (Chrono Boost)  
  48  4:10  Gateway  
  48  4:11  Probe (Chrono Boost)  
  48  4:15  Gateway  
  49  4:20  Probe (Chrono Boost)  
  50  4:25  Probe (Chrono Boost)  
  50  4:30  Probe (Chrono Boost)  
  52  4:32  Gateway  
  52  4:34  Gateway  
  52  4:35  Gateway, Probe (Chrono Boost)  
  53  4:40  Gateway  
  53  4:44  Gateway  
  53  4:50  Gateway  
  53  4:56  Probe (Chrono Boost)  
  53  4:58  Pylon  
  54  5:14  Robotics Facility  
  54  5:21  Probe (Chrono Boost)  
  55  5:38  Sentry x2  
  55  5:39  Pylon  
  59  5:48  Pylon  
  59  5:57  Dark Templar x5  
  59  6:00  Dark Templar x2  
  73  6:06  Dark Templar x2  
  76  6:26  Probe (Chrono Boost)  
  76  6:31  Robotics Bay  
  77  6:33  Forge  
  75  7:02  Nexus  
  75  7:03  Pylon  
  75  7:05  Pylon x2  
  75  7:07  Pylon x2  
  75  7:09  Pylon  
  75  7:14  Warp Prism (Chrono Boost)  
  67  7:21  Dark Templar  
  67  7:22  Dark Templar x2  
  67  7:25  Dark Templar x2  
  71  7:37  Probe  
  71  7:41  Probe  
  71  7:43  Photon Cannon  
  73  7:45  Disruptor (Chrono Boost)  
  76  8:00  Zealot x4  
  84  8:15  Archon  
  84  8:16  Disruptor (Chrono Boost)  
  84  8:19  Probe  
  81  8:24  Probe  
  81  8:26  Assimilator  
  83  8:28  Assimilator  
  83  8:37  Zealot x3  
  83  8:38  Zealot x2  
  93  8:42  Protoss Ground Weapons Level 1  
  93  8:47  Disruptor (Chrono Boost), Blink  
  90  8:56  Stalker x3  
  80  9:17  Dark Templar x3  
  86  9:28  Disruptor (Chrono Boost)  
  83  9:32  Probe  
  84  9:40  Probe x2  
  84  9:44  Stalker x2  
  90  9:51  Stalker x3  
  96  10:01  Probe  
  91  10:09  Probe, Nexus  
  91  10:12  Nexus  
  92  10:14  Probe  
  92  10:15  Pylon  
  92  10:18  Pylon  
  85  10:25  Stalker x6  
  85  10:26  Stalker x3  
  85  10:28  Disruptor (Chrono Boost)  
  102  10:40  Protoss Ground Weapons Level 2  
  102  10:42  Photon Cannon  
  102  10:55  Stalker x6  
  102  10:56  Stalker  
  110  11:12  Assimilator  
  110  11:13  Stalker x2  
  110  11:18  Probe, Observer (Chrono Boost)  
  115  11:22  Stalker x5, Assimilator  
  126  11:29  Probe  
  127  11:33  Probe  
  127  11:34  Dark Templar  
  127  11:38  Zealot x3  
  136  11:42  Probe  
  137  11:54  Probe  
  137  11:59  Adept x4  
  137  12:00  Adept x4  
  154  12:06  Observer (Chrono Boost)  
  145  12:24  Observer (Chrono Boost)  
  145  12:28  Stalker x6  
  145  12:29  Stalker x3  
  164  12:43  Probe, Disruptor (Chrono Boost)  
  167  12:50  Probe x2  
  167  12:51  Probe  
  166  13:11  Stalker x4  
  166  13:12  Stalker x5  
  171  13:14  Probe  
Show
View Real Time Build Order
Export as new Build Order

Shadow Zerg 

Build Orders: Hatch First 

Get SALT Encoding   

  12  0:01  Drone  
  13  0:12  Overlord  
  13  0:17  Drone  
  14  0:32  Drone  
  14  0:33  Drone  
  16  0:38  Drone  
  17  0:56  Hatchery  
  16  0:58  Drone  
  17  1:11  Spawning Pool  
  17  1:15  Extractor  
  17  1:16  Drone  
  16  1:24  Drone  
  17  1:36  Drone x2  
  19  1:46  Drone  
  20  1:57  Hatchery  
  19  2:02  Queen  
  19  2:06  Zergling x2  
  22  2:16  Queen  
  24  2:24  Metabolic Boost  
  24  2:28  Drone  
  25  2:30  Drone  
  25  2:36  Overlord  
  26  2:40  Drone  
  27  2:44  Drone  
  28  2:51  Overlord  
  28  3:03  Drone x3  
  28  3:04  Drone x2  
  33  3:15  Queen  
  35  3:25  Drone  
  35  3:26  Zergling x2  
  35  3:27  Zergling x2  
  38  3:31  Drone x2  
  38  3:32  Roach Warren  
  38  3:34  Drone x2  
  40  3:51  Evolution Chamber  
  40  3:52  Drone x3  
  40  3:53  Drone x2  
  40  3:54  Evolution Chamber  
  43  4:01  Queen  
  45  4:03  Drone x2  
  45  4:04  Drone  
  48  4:10  Zergling x4  
  49  4:17  Overlord  
  49  4:20  Zerg Melee Weapons Level 1  
  49  4:21  Zerg Ground Armor Level 1  
  49  4:26  Extractor  
  49  4:29  Overlord  
  49  4:30  Zergling x4  
  50  4:36  Drone  
  50  4:37  Drone x4  
  55  4:54  Zergling x16  
  55  4:55  Zergling x4  
  65  5:02  Lair  
  65  5:03  Drone  
  66  5:12  Overlord  
  66  5:15  Overlord x2  
  66  5:17  Extractor  
  65  5:24  Overlord  
  65  5:26  Drone  
  66  5:28  Overlord  
  66  5:31  Drone x8  
  73  5:47  Drone x8  
  79  5:54  Overlord  
  77  6:09  Extractor  
  77  6:10  Extractor  
  74  6:13  Roach  
  74  6:14  Roach x10  
  96  6:21  Roach  
  96  6:23  Zerg Melee Weapons Level 2  
  98  6:33  Zerg Ground Armor Level 2  
  98  6:40  Drone  
  98  6:41  Drone x4  
  98  6:43  Overlord  
  103  6:48  Overseer  
  103  6:52  Overseer  
  103  6:53  Hatchery  
  102  6:55  Overseer  
  102  7:09  Hatchery  
  101  7:21  Roach  
  101  7:22  Roach x4  
  107  7:31  Hatchery  
  106  7:41  Evolution Chamber  
  105  7:45  Spore Crawler, Drone  
  105  7:46  Drone, Spine Crawler  
  105  7:49  Spine Crawler  
  105  7:50  Ravager x4  
  105  7:51  Ravager  
  109  8:03  Drone  
  110  8:23  Hatchery  
  109  8:31  Spore Crawler  
  109  8:32  Spine Crawler  
  109  8:33  Spine Crawler  
  106  8:39  Pneumatized Carapace  
  106  8:49  Roach  
  106  8:50  Roach x2  
  109  9:00  Hatchery  
  108  9:06  Roach  
  110  9:17  Roach  
  110  9:18  Roach x2  
  115  9:33  Zergling x2  
  115  9:34  Overlord  
  115  9:36  Queen  
  102  9:54  Roach x2  
  108  10:07  Roach x4  
  110  10:21  Roach  
  109  10:27  Roach  
  111  10:29  Ravager x4  
  115  10:38  Roach x3  
  115  10:44  Roach  
  115  10:46  Drone  
  115  10:47  Drone x5  
  104  10:59  Roach x2  
  89  11:12  Roach  
  89  11:13  Roach x4  
  89  11:14  Roach  
  89  11:15  Zergling x2  
  89  11:16  Zergling x8  
  99  11:20  Extractor  
  99  11:21  Extractor  
  97  11:27  Queen  
  97  11:28  Queen x2  
  103  11:33  Zergling x2, Extractor  
  103  11:34  Roach x2, Zergling x2  
  103  11:35  Ravager  
  103  11:37  Zergling x2  
  110  11:44  Roach x2, Zergling x4  
  110  11:45  Zergling x6  
  115  12:10  Overlord  
  114  12:15  Hatchery  
  114  12:16  Overlord x2  
  114  12:20  Roach  
  114  12:21  Roach x2  
  111  12:24  Overlord  
  111  12:25  Roach, Zergling x4  
  111  12:26  Roach  
  114  12:30  Roach  
  114  12:41  Roach  
  100  13:07  Roach x2  
Tags
 
Add a new tag
Caveats
  • Supply blocks, unpowered buildings, or Contaminate may cause inaccurate times.
  • Supply counts are checked every 10 seconds.